[Event "Titled Tuesday Blitz February 01 B 2022"]
[White "Christiansen, Johan-Sebastian"]
[Black "Hakobyan, Aram"]
[WhiteFideId "1512668"]
[BlackFideId "13306677"]
[WhiteElo "2513"]
[BlackElo "2557"]
[Result "0-1"]
[Round "03"]
[TimeControl "180+1"]
[Date "2022.02.01"]
[WhiteClock "0:00:35"]
[BlackClock "0:01:11"]

1. e4 c6 2. d4 d5 3. Nd2 a6 4. c3 g6 5. Ngf3 Bg7 6. h3 Nd7 7. exd5 cxd5 8. Bd3 Ngf6 9. O-O O-O 10. Re1 b6 11. a4 Bb7 12. Nf1 Ne4 13. Ng3 f5 14. Bf4 e6 15. Qb3 Kh8 16. Be5 Nxe5 17. Nxe5 Bxe5 18. dxe5 Nc5 19. Qc2 f4 20. Ne2 f3 21. Nd4 fxg2 22. Be2 Qh4 23. Bg4 Rf4 24. b4 Rxg4 25. f3 Rg3 26. bxc5 Rxh3 27. Qxg2 Rg3 28. c6 Bc8 29. Rab1 b5 30. axb5 axb5 31. Re2 b4 32. Qxg3 Qxg3+ 33. Rg2 Qxe5 34. Re2 Qg5+ 35. Kf1 Ba6 0-1


[Site "https://www.chess.com"]

[Event "Titled Tuesday Blitz February 01 B 2022"]
[White "Ezat, Mohamed"]
[Black "Yoo, Christopher Woojin"]
[WhiteFideId "10600906"]
[BlackFideId "30909694"]
[WhiteElo "2386"]
[BlackElo "2105"]
[Result "0-1"]
[Round "03"]
[TimeControl "180+1"]
[Date "2022.02.01"]
[WhiteClock "0:00:07"]
[BlackClock "0:00:02"]

1. d4 Nf6 2. c4 e6 3. Nc3 Bb4 4. e3 O-O 5. a3 Be7 6. b4 a5 7. b5 d5 8. c5 c6 9. a4 b6 10. cxb6 Qxb6 11. Rb1 Bb4 12. Bd2 c5 13. Nf3 Bb7 14. dxc5 Qxc5 15. Rc1 Nbd7 16. Be2 Qd6 17. O-O Rac8 18. Nd4 Nc5 19. Nb3 Nfe4 20. Nxe4 Nxe4 21. Bxb4 Qxb4 22. Bd3 Nc3 23. Qc2 Nxa4 24. Bxh7+ Kh8 25. Qd3 Rc4 26. Nd4 Nc5 27. Qb1 Rc8 28. Rxc4 dxc4 29. Bc2 c3 30. Qd1 g6 31. Qg4 Kg7 32. h4 e5 33. Nf5+ Kf8 34. Qg5 gxf5 35. Bxf5 Re8 36. h5 Ne6 37. Qf6 Qd6 38. h6 Qd8 39. Qxe5 Qg5 40. h7 Qxg2# 0-1


[Site "https://www.chess.com"]

[Event "Titled Tuesday Blitz February 01 B 2022"]
[White "Fernandez, Nelson Wilfredo"]
[Black "Zhigalko, Sergei"]
[WhiteFideId "8401594"]
[BlackFideId "13502956"]
[WhiteElo "1899"]
[BlackElo "2662"]
[Result "0-1"]
[Round "03"]
[TimeControl "180+1"]
[Date "2022.02.01"]
[WhiteClock "0:00:02"]
[BlackClock "0:00:02"]

1. d4 Nf6 2. c4 e6 3. Nc3 Bb4 4. a3 Bxc3+ 5. bxc3 c5 6. f3 d5 7. cxd5 exd5 8. e3 O-O 9. Bd3 Re8 10. Ne2 b6 11. O-O Ba6 12. Ng3 Bxd3 13. Qxd3 Nc6 14. Bd2 Rc8 15. Rae1 g6 16. e4 cxd4 17. cxd4 dxe4 18. fxe4 Ng4 19. Bc3 Qd7 20. Rd1 Qe7 21. Qf3 f5 22. Rfe1 f4 23. Qxg4 fxg3 24. Qxg3 Qxa3 25. d5 Ne5 26. Bxe5 Qc5+ 27. Kh1 Qc2 28. Ba1 Rxe4 29. h3 Rce8 30. Rc1 Qd2 31. Rf1 Re2 32. Qf3 Rf2 0-1


[Site "https://www.chess.com"]

[Event "Titled Tuesday Blitz February 01 B 2022"]
[White "Gatterer, Florian"]
[Black "Hess, Robert"]
[WhiteFideId "811688"]
[BlackFideId "2022036"]
[WhiteElo "2218"]
[BlackElo "2557"]
[Result "0-1"]
[Round "03"]
[TimeControl "180+1"]
[Date "2022.02.01"]
[WhiteClock "0:00:08"]
[BlackClock "0:00:46"]

1. d4 g6 2. e4 Bg7 3. Nc3 a6 4. Be3 b5 5. Nf3 Bb7 6. Bd3 d6 7. h4 Nf6 8. e5 Nd5 9. Nxd5 Bxd5 10. Qe2 Nc6 11. O-O-O Nb4 12. a3 Nxd3+ 13. Qxd3 O-O 14. h5 dxe5 15. hxg6 e4 16. Qd2 exf3 17. Rxh7 fxg6 18. Rxg7+ Kxg7 19. Bh6+ Kg8 20. gxf3 Qd6 21. Bxf8 Rxf8 22. Rg1 Kg7 23. Rh1 Qf4 0-1


[Site "https://www.chess.com"]

[Event "Titled Tuesday Blitz February 01 B 2022"]
[White "Gelman, Alexander"]
[Black "Praggnanandhaa R"]
[WhiteFideId "4118316"]
[BlackFideId "25059530"]
[WhiteElo "2375"]
[BlackElo "2599"]
[Result "0-1"]
[Round "03"]
[TimeControl "180+1"]
[Date "2022.02.01"]
[WhiteClock "0:00:18"]
[BlackClock "0:00:46"]

1. d4 Nf6 2. Nc3 d5 3. Bf4 a6 4. e3 c5 5. Nf3 cxd4 6. exd4 Nc6 7. Ne5 Bd7 8. Qd2 e6 9. f3 Rc8 10. g4 Bb4 11. a3 Ba5 12. h4 h6 13. Rd1 Bb6 14. Nxc6 Bxc6 15. Be5 Bc7 16. Qf4 Nd7 17. Bxc7 Qxc7 18. Qxc7 Rxc7 19. Bd3 Ke7 20. Ne2 Ba4 21. Rd2 Nb6 22. Nf4 Bb5 23. Kf2 Bxd3 24. Nxd3 Kd6 25. h5 Nd7 26. c3 b5 27. Re1 a5 28. Ra1 Rb8 29. f4 Nf6 30. Kf3 Ne4 31. Re2 Rf8 32. Nf2 Nf6 33. Rh1 Rh8 34. Nd3 Rb7 35. Nc5 Rb6 36. b4 Rbb8 37. f5 exf5 38. gxf5 axb4 39. cxb4 Ra8 40. Re3 Rhe8 41. Rxe8 Nxe8 42. Nb7+ Kd7 43. Na5 Nd6 44. Kf4 Re8 45. Rg1 Re4+ 46. Kf3 Nxf5 47. Rc1 Nxd4+ 48. Kg3 Ne2+ 0-1


[Site "https://www.chess.com"]

[Event "Titled Tuesday Blitz February 01 B 2022"]
[White "Golubka, Petro"]
[Black "Pranav, V"]
[WhiteFideId "14114224"]
[BlackFideId "25060783"]
[WhiteElo "2392"]
[BlackElo "2349"]
[Result "1-0"]
[Round "03"]
[TimeControl "180+1"]
[Date "2022.02.01"]
[WhiteClock "0:00:12"]
[BlackClock "0:00:03"]

1. a3 e5 2. h3 d5 3. b3 Nc6 4. Bb2 Bc5 5. e3 Nf6 6. Bb5 Bd6 7. Nf3 e4 8. Ne5 Bd7 9. Nxd7 Nxd7 10. Qg4 Qe7 11. Qxg7 O-O-O 12. Qh6 Rhg8 13. g3 Rg6 14. Qh5 Be5 15. Nc3 d4 16. Bxc6 bxc6 17. exd4 Bxd4 18. O-O-O Rg5 19. Qe2 Re5 20. f4 Re6 21. g4 Nb6 22. f5 Re5 23. Kb1 Kb7 24. Rhe1 Re8 25. Qf1 Qd6 26. Re2 a5 27. Rde1 e3 28. dxe3 Bxc3 29. Bxc3 Rb5 30. Bb2 a4 31. b4 Re4 32. Rd1 Qe7 33. Rd3 Nc4 34. Qc1 c5 35. c3 Ne5 36. Rd5 c6 37. Rd1 c4 38. Rd4 Nd3 39. Qc2 Rxe3 40. Rxe3 Qxe3 41. Rxc4 Ne1 42. Qd1 Rd5 43. Rd4 Nd3 44. Rxd5 cxd5 45. Qxa4 Qe1+ 46. Ka2 Qe2 47. Qb5+ Kc7 48. Qa5+ Kd6 49. Qd8+ Kc6 50. b5+ Kc5 51. Qc7+ Kxb5 52. a4+ Kxa4 53. Qc6+ Ka5 54. Qxd5+ Kb6 55. Qd4+ Kc6 56. c4 Nb4+ 57. Kb3 Nd3 58. Qd5+ Kc7 59. Ba3 Qd1+ 60. Kc3 Qa1+ 61. Kxd3 Qxa3+ 62. Ke4 Qxh3 63. Qxf7+ Kd8 64. Qf6+ Kd7 65. Qe6+ Kd8 66. f6 Qh6 67. Qe7+ Kc8 68. f7 Qg6+ 69. Ke5 Qg7+ 70. Qf6 Qf8 71. Qe6+ Kb7 72. Qd7+ Ka6 73. Qd6+ 1-0


[Site "https://www.chess.com"]

[Event "Titled Tuesday Blitz February 01 B 2022"]
[White "Holt, Conrad"]
[Black "Andreikin, Dmitry"]
[WhiteFideId "2034387"]
[BlackFideId "4158814"]
[WhiteElo "2586"]
[BlackElo "2736"]
[Result "0-1"]
[Round "03"]
[TimeControl "180+1"]
[Date "2022.02.01"]
[WhiteClock "0:00:01"]
[BlackClock "0:00:59"]

1. d4 Nf6 2. c4 e6 3. Nc3 d5 4. cxd5 exd5 5. Bg5 Be6 6. e3 Nbd7 7. Nge2 h6 8. Bh4 g5 9. Bg3 Nh5 10. Be5 Nxe5 11. dxe5 c6 12. Nd4 Ng7 13. h4 gxh4 14. f4 Bc5 15. Qd2 Bxd4 16. exd4 Nf5 17. O-O-O Qa5 18. Qf2 Rg8 19. Bd3 Rg3 20. Kb1 O-O-O 21. Ne2 Rg4 22. Ka1 Rdg8 23. Rh2 Kb8 24. Nc1 Qa4 25. Nb3 Rg3 26. Rd2 h3 27. Bxf5 Bxf5 28. Nc5 hxg2 0-1


[Site "https://www.chess.com"]

[Event "Titled Tuesday Blitz February 01 B 2022"]
[White "Jobava, Baadur"]
[Black "Blohberger, Felix"]
[WhiteFideId "13601520"]
[BlackFideId "1632051"]
[WhiteElo "2617"]
[BlackElo "2474"]
[Result "1/2-1/2"]
[Round "03"]
[TimeControl "180+1"]
[Date "2022.02.01"]
[WhiteClock "0:00:30"]
[BlackClock "0:00:05"]

1. b3 d5 2. Bb2 Bf5 3. e3 Nf6 4. f4 e6 5. Nf3 Be7 6. Nc3 O-O 7. Bd3 c5 8. Ne2 Nc6 9. O-O h6 10. h3 Nb4 11. Bxf5 exf5 12. Ne5 Rc8 13. g4 fxg4 14. hxg4 Nc6 15. Ng3 Nxe5 16. Bxe5 Ne4 17. Nf5 Bf6 18. d3 Bxe5 19. fxe5 Ng5 20. Qd2 Rc7 21. Qg2 Re8 22. d4 Re6 23. c3 cxd4 24. cxd4 Rec6 25. Rae1 Rc2 26. Re2 Rxe2 27. Qxe2 Qd7 28. Qg2 a6 29. Nd6 Qe6 30. Kh2 Rc3 31. Nf5 Kh7 32. Qf2 Qc8 33. Qf4 Rc2+ 34. Rf2 Ne4 35. Rxc2 Qxc2+ 36. Kh3 Nf2+ 37. Kg3 Ne4+ 38. Kh3 Nf2+ 39. Kg3 Ne4+ 40. Kh3 1/2-1/2


[Site "https://www.chess.com"]

[Event "Titled Tuesday Blitz February 01 B 2022"]
[White "Kamsky, Gata"]
[Black "Cunha, Lucas Aguiar"]
[WhiteFideId "2000024"]
[BlackFideId "2125404"]
[WhiteElo "2645"]
[BlackElo "2361"]
[Result "1-0"]
[Round "03"]
[TimeControl "180+1"]
[Date "2022.02.01"]
[WhiteClock "0:00:10"]
[BlackClock "0:00:03"]

1. e4 c6 2. Nf3 d5 3. d3 Bg4 4. Nbd2 Nd7 5. Be2 e6 6. O-O Bd6 7. e5 Bc7 8. d4 c5 9. c3 Ne7 10. h3 Bh5 11. dxc5 Nxc5 12. Nd4 Bxe2 13. Qxe2 O-O 14. f4 a6 15. N4b3 Nd7 16. Nf3 Nc6 17. Be3 f6 18. Nbd4 Qe7 19. exf6 Rxf6 20. Rae1 Re8 21. Kh1 e5 22. fxe5 Ndxe5 23. Bg5 Nxf3 24. Qxe7 Nxe7 25. Nxf3 Rf7 26. Re2 h6 27. Bh4 g5 28. Bf2 Rd8 29. Rfe1 Ng6 30. Re8+ Rxe8 31. Rxe8+ Rf8 32. Rxf8+ Kxf8 33. Kg1 Kf7 34. Kf1 Nf4 35. Be3 Nd3 36. b3 Bf4 37. Ke2 Bxe3 38. Kxd3 Bf4 39. g4 Ke6 40. a4 b6 41. Nd4+ Ke5 42. Nc6+ Kd6 43. Nb4 a5 44. Nc2 Be5 45. Ne3 Ke6 46. b4 Bd6 47. bxa5 bxa5 48. Nf5 Bf8 49. Nd4+ Kd7 50. Nb3 Kc7 51. Nxa5 Bg7 52. Nb3 Kb6 53. c4 dxc4+ 54. Kxc4 Kc6 55. a5 Bf8 56. Nd4+ Kb7 57. Kb5 Ka7 58. Nf5 Kb7 59. Kc4 Ka7 60. Kd5 Ka6 61. Ke6 Kxa5 62. Kf7 Ba3 63. Nxh6 Bc1 64. Kg6 Kb5 65. Nf7 Kc6 66. Nxg5 1-0


[Site "https://www.chess.com"]

[Event "Titled Tuesday Blitz February 01 B 2022"]
[White "Kosteniuk, Alexandra"]
[Black "Tang, Andrew"]
[WhiteFideId "4128125"]
[BlackFideId "2059630"]
[WhiteElo "2469"]
[BlackElo "2584"]
[Result "0-1"]
[Round "03"]
[TimeControl "180+1"]
[Date "2022.02.01"]
[WhiteClock "0:00:03"]
[BlackClock "0:00:05"]

1. e4 e5 2. Nf3 Nc6 3. Bb5 g6 4. c3 a6 5. Bxc6 dxc6 6. Nxe5 Qg5 7. d4 Qxg2 8. Qf3 Qxf3 9. Nxf3 f5 10. Bf4 Nf6 11. exf5 Bxf5 12. Bxc7 Bh6 13. Nbd2 Ne4 14. Rg1 O-O 15. Nxe4 Bxe4 16. Ne5 Bf4 17. h4 Rf5 18. Rg4 Re8 19. Kf1 Ref8 20. Kg1 Bd5 21. Re1 Bd2 22. Re2 Bh6 23. c4 Bf7 24. Nxf7 R8xf7 25. Bg3 Bg7 26. Rge4 h6 27. Rd2 Rd7 28. Kg2 Kh7 29. b3 Kg8 30. Rd3 Kh7 31. a4 g5 32. hxg5 Rxg5 33. Rd2 h5 34. Kf3 Rf5+ 35. Kg2 Bh6 36. Rde2 Bg7 37. Re7 Rxd4 38. Rxb7 Rg4 39. Kh3 Rf3 40. Ree7 Rg6 41. Kg2 Rf5 42. Kh3 Kh6 43. Red7 h4 44. Bxh4 Rh5 45. Rf7 Rg1 46. Kh2 Rg4 0-1


[Site "https://www.chess.com"]

[Event "Titled Tuesday Blitz February 01 B 2022"]
[White "Lenderman, Aleksandr"]
[Black "Musovic, Armin"]
[WhiteFideId "2021285"]
[BlackFideId "939935"]
[WhiteElo "2651"]
[BlackElo "2250"]
[Result "1-0"]
[Round "03"]
[TimeControl "180+1"]
[Date "2022.02.01"]
[WhiteClock "0:00:38"]
[BlackClock "0:00:06"]

1. d4 d5 2. c4 c5 3. Nf3 Nf6 4. cxd5 cxd4 5. Qxd4 Qxd5 6. Nc3 Qxd4 7. Nxd4 a6 8. e4 e5 9. Nb3 Bb4 10. Bd2 Bxc3 11. Bxc3 Nxe4 12. Bxe5 O-O 13. f3 Nc6 14. Bxg7 Re8 15. fxe4 Rxe4+ 16. Kf2 Kxg7 17. Bd3 Rf4+ 18. Ke3 Rb4 19. Rhe1 Be6 20. Bc2 a5 21. Rab1 a4 22. Nc1 Re8 23. Kf2 Nd4 24. Be4 Rd8 25. Kg1 Rc8 26. a3 Rb6 27. Ne2 Nb3 28. Nc3 Ra6 29. Bxb7 Rca8 30. Rbd1 R8a7 31. Bxa6 Rxa6 32. Re4 Nc5 33. Rb4 Bb3 34. Rdd4 Re6 35. h3 Re1+ 36. Kh2 Rc1 37. Rg4+ Kf8 38. Rb8+ Ke7 39. Rb5 Nd3 40. Nxa4 Bd1 41. Re4+ Kf8 42. Nc3 Bc2 43. Re2 Nf4 44. Rf2 Nd3 45. Rd2 Nf4 46. Rb4 Ne6 47. a4 Bg6 48. a5 Ra1 49. Ra4 Rc1 50. a6 Nc7 51. a7 Kg7 52. a8=Q Nxa8 53. Rxa8 Re1 54. Rad8 Re5 55. R8d4 Rh5 56. b4 Re5 57. b5 Re7 58. b6 Rb7 59. Rb4 Rxb6 60. Rxb6 1-0


[Site "https://www.chess.com"]

[Event "Titled Tuesday Blitz February 01 B 2022"]
[White "Lysyj, Igor"]
[Black "Deac, Bogdan-Daniel"]
[WhiteFideId "4150120"]
[BlackFideId "1226380"]
[WhiteElo "2611"]
[BlackElo "2646"]
[Result "0-1"]
[Round "03"]
[TimeControl "180+1"]
[Date "2022.02.01"]
[WhiteClock "0:00:26"]
[BlackClock "0:00:44"]

1. d4 Nf6 2. Nf3 d5 3. g3 e6 4. Bg2 Be7 5. c4 O-O 6. b3 dxc4 7. bxc4 c5 8. O-O cxd4 9. Nxd4 e5 10. Nc2 Nc6 11. Nc3 Na5 12. Ba3 Bxa3 13. Nxa3 Qxd1 14. Rfxd1 Be6 15. Rab1 Rab8 16. Nd5 Rfd8 17. Rb5 b6 18. h3 Kf8 19. Rd3 e4 20. Rd4 Nxc4 21. Nxc4 Nxd5 22. Rb3 Nf6 23. Rxd8+ Rxd8 24. Rb4 Rd4 0-1


[Site "https://www.chess.com"]

[Event "Titled Tuesday Blitz February 01 B 2022"]
[White "Martinez Alcantara, Jose Eduardo"]
[Black "Ramirez, Alejandro"]
[WhiteFideId "3805662"]
[BlackFideId "6500617"]
[WhiteElo "2690"]
[BlackElo "2694"]
[Result "1-0"]
[Round "03"]
[TimeControl "180+1"]
[Date "2022.02.01"]
[WhiteClock "0:00:15"]
[BlackClock "0:00:04"]

1. e4 e6 2. d4 d5 3. Nd2 Be7 4. Ngf3 Nf6 5. Bd3 c5 6. e5 Nfd7 7. c3 Nc6 8. O-O a5 9. dxc5 Ndxe5 10. Nxe5 Nxe5 11. Bb5+ Bd7 12. Bxd7+ Qxd7 13. b4 axb4 14. cxb4 Qa4 15. Qe2 Nc6 16. Bb2 Qxb4 17. Bxg7 Rg8 18. Bh6 Qh4 19. Be3 d4 20. g3 dxe3 21. fxe3 Bxc5 22. Rab1 Ra3 23. Nc4 Rc3 24. Qf3 f5 25. Rxb7 Bxe3+ 26. Nxe3 Nd4 27. Rb8+ Kd7 28. Qb7+ Rc7 29. Rxg8 Ne2+ 30. Kg2 Rxb7 31. gxh4 Rb2 32. Rf2 Nf4+ 33. Kf3 1-0


[Site "https://www.chess.com"]

[Event "Titled Tuesday Blitz February 01 B 2022"]
[White "Mirzoev, Azer"]
[Black "Novikov, Evgenij"]
[WhiteFideId "13400304"]
[BlackFideId "4125380"]
[WhiteElo "2525"]
[BlackElo "2242"]
[Result "0-1"]
[Round "03"]
[TimeControl "180+1"]
[Date "2022.02.01"]
[WhiteClock "0:00:03"]
[BlackClock "0:00:29"]

1. c4 e6 2. Nc3 d5 3. e3 c6 4. Nf3 f5 5. b3 Nf6 6. Bb2 Bd6 7. Be2 O-O 8. O-O Qe7 9. d3 Bd7 10. e4 fxe4 11. dxe4 dxe4 12. Nd2 e3 13. fxe3 Bc5 14. Nde4 Bxe3+ 15. Kh1 e5 16. Nxf6+ Rxf6 17. Rxf6 gxf6 18. Ne4 Bf5 19. Nd6 Bg6 20. Bg4 Na6 21. Nc8 Qe8 22. Qd6 Kg7 23. Rf1 Bg5 24. Bd7 Qf7 25. Bxe5 Nc5 26. Bh3 Ne4 27. Qd4 Qe8 28. Bc7 Rxc8 29. Bxc8 Qxc8 30. Bf4 Bxf4 31. Rxf4 Qe6 32. h3 c5 33. Qe3 Qe5 34. Kg1 Qd4 35. Qxd4 cxd4 36. Rf3 f5 37. Rf4 Kf6 38. Kf1 Ke5 39. Rh4 h5 40. Ke1 d3 41. Kd1 Kd4 42. Rf4 Ke3 43. Rf3+ Kd4 44. Rf4 Kc3 45. Rf3 h4 46. Rf4 Bh5+ 0-1


[Site "https://www.chess.com"]

[Event "Titled Tuesday Blitz February 01 B 2022"]
[White "Moiseenko, Alexander"]
[Black "Romanchuk, Viktor"]
[WhiteFideId "14102560"]
[BlackFideId "14109271"]
[WhiteElo "2577"]
[BlackElo "2242"]
[Result "1/2-1/2"]
[Round "03"]
[TimeControl "180+1"]
[Date "2022.02.01"]
[WhiteClock "0:01:37"]
[BlackClock "0:01:57"]

1. d4 d5 2. c4 c6 3. Nc3 Nf6 4. Nf3 e6 5. Bg5 h6 6. Bxf6 Qxf6 7. e3 Nd7 8. Bd3 dxc4 9. Bxc4 g6 10. e4 Qe7 11. e5 Bg7 12. O-O O-O 13. Qe2 Rd8 14. Bd3 b6 15. Rfe1 Rb8 16. Ba6 Nf8 17. Rad1 Bxa6 18. Qxa6 Qb7 19. Qxb7 Rxb7 20. Ne4 Rd5 21. Nd6 Rb8 22. b4 a5 23. a3 Nd7 24. Rc1 axb4 25. axb4 c5 1/2-1/2


[Site "https://www.chess.com"]

[Event "Titled Tuesday Blitz February 01 B 2022"]
[White "Murzin, Volodar"]
[Black "Sadhwani, Raunak"]
[WhiteFideId "44155573"]
[BlackFideId "35093487"]
[WhiteElo "2585"]
[BlackElo "2616"]
[Result "1-0"]
[Round "03"]
[TimeControl "180+1"]
[Date "2022.02.01"]
[WhiteClock "0:00:11"]
[BlackClock "0:00:03"]

1. e4 e5 2. Nf3 Nc6 3. Bb5 Nge7 4. O-O Ng6 5. c3 a6 6. Ba4 d5 7. exd5 Qxd5 8. d4 Bg4 9. Nbd2 O-O-O 10. h3 Bxf3 11. Nxf3 exd4 12. Bb3 Qf5 13. cxd4 Bd6 14. Be3 Nf4 15. Rc1 Nxh3+ 16. gxh3 Qxh3 17. Re1 g5 18. Bxf7 Kb8 19. Nxg5 Rhg8 20. Qh5 Qxh5 21. Bxh5 h6 22. Bf7 Rg7 23. Kf1 hxg5 24. Be6 g4 25. d5 Ne7 26. Bd4 Rg6 27. Kg2 Rh6 28. Rh1 Rxh1 29. Rxh1 Bf4 30. Rh4 Nxd5 31. Rxg4 Bc1 32. Bxd5 b6 33. Rg8 Rxg8+ 34. Bxg8 1-0


[Site "https://www.chess.com"]

[Event "Titled Tuesday Blitz February 01 B 2022"]
[White "Nakamura, Hikaru"]
[Black "Kobalia, Mikhail"]
[WhiteFideId "2016192"]
[BlackFideId "4119150"]
[WhiteElo "2850"]
[BlackElo "2667"]
[Result "0-1"]
[Round "03"]
[TimeControl "180+1"]
[Date "2022.02.01"]
[WhiteClock "0:00:29"]
[BlackClock "0:00:09"]

1. Nf3 d5 2. e3 Nf6 3. c4 c6 4. d4 Bf5 5. Nc3 e6 6. Nh4 Bg6 7. Nxg6 hxg6 8. Rb1 a5 9. a3 Nbd7 10. c5 e5 11. b4 axb4 12. axb4 Be7 13. g3 exd4 14. exd4 Nf8 15. Bg2 Ne6 16. O-O O-O 17. Re1 Re8 18. Bh3 Nc7 19. Bf4 Bf8 20. Rxe8 Ncxe8 21. b5 Ne4 22. Qc2 Nxc3 23. Qxc3 Nf6 24. bxc6 bxc6 25. Rb6 Ne4 26. Qb2 Qe8 27. Rb7 f5 28. Bf1 g5 29. Be5 g4 30. h4 gxh3 31. Bxh3 Qh5 32. Bf1 Ng5 33. Qe2 Nf3+ 34. Kg2 Ra3 35. g4 fxg4 36. Kg3 Qh4+ 37. Kf4 g3+ 38. Kf5 Qh5+ 39. Ke6 Qg4# 0-1


[Site "https://www.chess.com"]

[Event "Titled Tuesday Blitz February 01 B 2022"]
[White "Nesterov, Arseniy"]
[Black "Garcia Martin, Marta"]
[WhiteFideId "24198455"]
[BlackFideId "32084030"]
[WhiteElo "2489"]
[BlackElo "2102"]
[Result "0-1"]
[Round "03"]
[TimeControl "180+1"]
[Date "2022.02.01"]
[WhiteClock "0:00:15"]
[BlackClock "0:00:14"]

1. d4 b6 2. c4 Bb7 3. Nc3 e6 4. a3 Nf6 5. Nf3 d5 6. cxd5 Nxd5 7. Qc2 Nxc3 8. bxc3 Be7 9. e4 O-O 10. Bd3 c5 11. O-O Qc7 12. Qe2 Rd8 13. Be3 Nc6 14. Rfd1 Na5 15. h3 Rac8 16. a4 h6 17. Ne5 Nb3 18. Qh5 Bf8 19. Rab1 cxd4 20. cxd4 Nxd4 21. Rbc1 Bc5 22. Ng4 Qe7 23. Bxh6 gxh6 24. Qxh6 f5 25. Nf6+ Kf7 26. Nh5 Rg8 27. Bc4 Qg5 28. Qh7+ Kf8 29. g3 Bxe4 30. Kf1 Qg6 31. Qd7 Re8 32. Nf4 Qh6 33. Rxd4 Rg7 34. Qxe8+ Kxe8 35. Bb5+ Ke7 36. Rd7+ Kf6 37. Rd8 Bg2+ 38. Kxg2 Qxf4 39. Rf8+ Ke7 40. Re8+ Kf7 41. Rd1 Qe4+ 42. Kh2 Be7 43. Rc8 Qf3 44. Rd2 f4 45. g4 Qe4 46. Be8+ Kf6 47. Bh5 f3 48. Kg3 Qe5+ 49. Kxf3 Kg5 50. Kg2 Qf4 51. Re2 Bd6 52. h4+ Kxh4 53. Rh8 Rxg4+ 54. Bxg4+ Kxg4 55. Rg8+ Kh5 56. Rh8+ Kg6 57. Rh3 Qf5 58. Ree3 Bf4 59. Re1 e5 60. Rg3+ Bxg3 61. fxg3 e4 62. Rf1 Qd5 63. Kh3 e3 64. Re1 Qe6+ 65. Kg2 Kg5 66. Kf3 Qb3 67. Rxe3 Qxa4 68. Re5+ Kf6 69. Re4 Qc6 70. Kf4 Qxe4+ 71. Kxe4 Kg5 72. Kf3 b5 73. g4 a5 74. Ke3 a4 75. Kd4 Kxg4 76. Kc3 Kf4 77. Kb4 Ke4 78. Ka3 Kd4 79. Kb4 Kd3 80. Kxb5 a3 81. Ka4 a2 82. Kb3 a1=Q 83. Kb4 Qc3+ 0-1


[Site "https://www.chess.com"]

[Event "Titled Tuesday Blitz February 01 B 2022"]
[White "Paravyan, David"]
[Black "Kozusek, Daniel"]
[WhiteFideId "4194985"]
[BlackFideId "349500"]
[WhiteElo "2569"]
[BlackElo "2206"]
[Result "1-0"]
[Round "03"]
[TimeControl "180+1"]
[Date "2022.02.01"]
[WhiteClock "0:01:46"]
[BlackClock "0:00:58"]

1. e4 e6 2. d4 d5 3. Nc3 Nf6 4. Bg5 dxe4 5. Nxe4 Be7 6. Nxf6+ Bxf6 7. Bxf6 Qxf6 8. Nf3 O-O 9. Qd3 c5 10. O-O-O cxd4 11. Qxd4 Qxd4 12. Nxd4 Bd7 13. Be2 Nc6 14. Bf3 Nxd4 15. Rxd4 Bc6 16. Bxc6 bxc6 17. Rhd1 Rfc8 18. Rd7 Kf8 19. Rb7 Rcb8 20. Rc7 Rc8 21. Rdd7 Rxc7 22. Rxc7 Ke8 23. a4 a5 24. Rxc6 Kd7 25. Rc5 Kd6 26. Rb5 Kc6 27. h4 f6 28. f4 g6 29. h5 gxh5 30. Rxh5 Rg8 31. Rxa5 Rxg2 32. Ra6+ Kd5 33. b3 Rg4 34. a5 Rxf4 35. Ra8 h5 36. a6 Kc6 37. Rb8 1-0


[Site "https://www.chess.com"]

[Event "Titled Tuesday Blitz February 01 B 2022"]
[White "Quintiliano Pinto, Renato R."]
[Black "Van Foreest, Jorden"]
[WhiteFideId "2117568"]
[BlackFideId "1039784"]
[WhiteElo "2439"]
[BlackElo "2609"]
[Result "0-1"]
[Round "03"]
[TimeControl "180+1"]
[Date "2022.02.01"]
[WhiteClock "0:00:02"]
[BlackClock "0:00:09"]

1. Nf3 g6 2. d4 Nf6 3. c4 Bg7 4. Nc3 O-O 5. e4 c6 6. Be2 d5 7. e5 Ne4 8. O-O Bf5 9. Be3 Na6 10. Qb3 Rb8 11. cxd5 Nxc3 12. bxc3 cxd5 13. Nh4 Be6 14. f4 f5 15. Nf3 h6 16. Qa3 Qd7 17. Rab1 Rfc8 18. Rfc1 Bf7 19. Nd2 e6 20. c4 dxc4 21. Nxc4 Bf8 22. Nd6 Rd8 23. d5 exd5 24. Bxa6 Rbc8 25. Rxc8 Rxc8 26. Bb5 Qd8 27. Bxa7 Ra8 28. Nxf7 Kxf7 29. Qe3 Qa5 30. Bd4 Ke6 31. a4 Rc8 32. Rc1 Rxc1+ 33. Qxc1 Qb4 34. Qc8+ Kf7 35. Qd7+ Kg8 36. Qxd5+ Kh7 37. h3 Qd2 38. Qd7+ Bg7 39. Bf2 Qc1+ 40. Bf1 g5 41. Qxf5+ Kh8 42. e6 Qc7 0-1


[Site "https://www.chess.com"]

[Event "Titled Tuesday Blitz February 01 B 2022"]
[White "Sarkar, Justin"]
[Black "Erigaisi Arjun"]
[WhiteFideId "2010011"]
[BlackFideId "35009192"]
[WhiteElo "2038"]
[BlackElo "2745"]
[Result "0-1"]
[Round "03"]
[TimeControl "180+1"]
[Date "2022.02.01"]
[WhiteClock "0:00:11"]
[BlackClock "0:02:27"]

1. d4 e6 2. e4 d5 3. e5 c5 4. c3 Nc6 5. Be3 Qb6 6. Qd2 Nh6 7. Bd3 Ng4 8. Nf3 c4 9. Be2 Nxe3 10. fxe3 Qc7 11. b3 b5 12. a4 Na5 13. Bd1 cxb3 14. axb5 Nc4 15. Qe2 b2 16. Ra2 Bd7 17. Ba4 Be7 18. O-O O-O 19. Nbd2 Nb6 20. Bc2 Qxc3 21. Nb1 Qc4 22. Qxc4 Nxc4 23. e4 Ne3 0-1


[Site "https://www.chess.com"]

[Event "Titled Tuesday Blitz February 01 B 2022"]
[White "Sjugirov, Sanan"]
[Black "Janaszak, Dawid"]
[WhiteFideId "4189302"]
[BlackFideId "1119206"]
[WhiteElo "2602"]
[BlackElo "2199"]
[Result "1-0"]
[Round "03"]
[TimeControl "180+1"]
[Date "2022.02.01"]
[WhiteClock "0:00:25"]
[BlackClock "0:00:05"]

1. d4 Nf6 2. Bg5 d5 3. e3 Nbd7 4. Nd2 c5 5. c3 Qb6 6. Rb1 e5 7. dxe5 Nxe5 8. Ngf3 Nxf3+ 9. Qxf3 Be7 10. Bxf6 Bxf6 11. Qxd5 Be6 12. Qe4 O-O-O 13. Bc4 Bd7 14. O-O Rhe8 15. Qc2 Bc6 16. Rbd1 Re5 17. Be2 Rg5 18. Nf3 Rg6 19. Rxd8+ Qxd8 20. Rd1 Qe7 21. Qf5+ Kb8 22. Qf4+ Qc7 23. Qf5 Qc8 24. Qf4+ Qc7 25. g3 Qxf4 26. exf4 Kc7 27. Ne5 Bxe5 28. fxe5 Re6 29. f4 f6 30. Bg4 Re7 31. exf6 gxf6 32. Kf2 Be4 33. Re1 f5 34. Bxf5 1-0


[Site "https://www.chess.com"]

[Event "Titled Tuesday Blitz February 01 B 2022"]
[White "Suarez Uriel, Adrian"]
[Black "Kravtsiv, Martyn"]
[WhiteFideId "22230874"]
[BlackFideId "14113147"]
[WhiteElo "2316"]
[BlackElo "2694"]
[Result "0-1"]
[Round "03"]
[TimeControl "180+1"]
[Date "2022.02.01"]
[WhiteClock "0:00:18"]
[BlackClock "0:00:22"]

1. e4 e5 2. Nf3 Nc6 3. Bc4 Nf6 4. d3 Bc5 5. O-O O-O 6. h3 d5 7. exd5 Nxd5 8. Re1 Be6 9. Nbd2 f6 10. Ne4 Bb6 11. Ng3 Qd7 12. a4 Kh8 13. Bd2 a6 14. Qe2 Rae8 15. Rad1 Bg8 16. Qe4 Nce7 17. a5 Ba7 18. Bb3 c6 19. Nh4 Bb8 20. Nhf5 Nxf5 21. Qxf5 Be6 22. Qh5 Bc7 23. Ne4 Qd8 24. Nc5 Bc8 25. Re4 Re7 26. Rh4 g6 27. Qxg6 Rg7 28. Qe4 f5 29. Qa4 f4 30. Rh5 Rfg8 31. Qe4 Nf6 32. Qf3 Rxg2+ 33. Kh1 R8g6 34. Bc3 Nxh5 35. Qxh5 Qg5 36. Qxg5 R2xg5 37. Re1 Rh5 0-1


[Site "https://www.chess.com"]